 Dungeon Crawl Stone Soup version 0.28.0 (webtiles) character file.

Game seed: 4657029851577665273

8 pkoi the Gusty (level 2, -1/20 HPs)
             Began as a Draconian Air Elementalist on Feb 16, 2022.
             Slain by a kobold (2 damage)
             ... on level 1 of the Dungeon.
             The game lasted 00:00:23 (289 turns).

pkoi the Gusty (Draconian Air Elementalist)          Turns: 289, Time: 00:00:23

Health: -1/20      AC:  4    Str: 10    XL:     2   Next: 0%
Magic:  1/5        EV: 12    Int: 15    God:
Gold:   12         SH:  0    Dex: 11    Spells: 4/5 levels left

rFire   . . .      SeeInvis .   c - +0 dagger (venom)
rCold   . . .      Faith    .   (no shield)
rNeg    . . .      Spirit   .   (armour unavailable)
rPois   .          Reflect  .   (helmet restricted)
rElec   .          Harm     .   (no cloak)
rCorr   .          Rampage  .   (no gloves)
Will    .....                   (no boots)
Stlth   ++........              (no amulet)
HPRegen 0.06/turn               (no ring)
MPRegen 0.09/turn               (no ring)

@: slowed, very slow
A: AC +4, unfitting armour, cold-blooded
a: no special abilities


You were on level 1 of the Dungeon.
You visited 1 branch of the dungeon, and saw 1 of its levels.

You collected 12 gold pieces.

Inventory:

Hand Weapons
 c - a +0 dagger of venom (weapon)
Scrolls
 b - a scroll of vulnerability {unknown}
Potions
 a - a potion of lignification {unknown}
 d - a potion of curing {unknown}


   Skills:
 - Level 1.7 Dodging
 - Level 1.7 Stealth
 - Level 2.0 Spellcasting
 - Level 1.0 Conjurations
 + Level 3.5 Air Magic


You had 4 spell levels left.
You knew the following spells:

 Your Spells              Type           Power      Damage    Failure   Level
a - Shock                 Conj/Air       32%        1d5       9%          1

Your spell library contained the following spells:

 Spells                   Type           Power      Damage    Failure   Level
 Static Discharge         Conj/Air       8%         N/A       13%         2
 Swiftness                Air            12%        N/A       16%         3
 Airstrike                Air            6%         N/A       45%         4


Dungeon Overview and Level Annotations

Branches:
Dungeon (1/15)

Altars:


Innate Abilities, Weirdness & Mutations

Your plain brown scales are hard. (AC +4)
You cannot fit into any form of body armour.
You are cold-blooded and may be slowed by cold attacks.


Message History

The dart slug is heavily wounded.
The zap hits the dart slug.
The dart slug is almost dead.
You are too depleted to draw on your mana recklessly!
Found a ring mail.
The dart slug launches a dart at you. The slug dart misses you.
A giant cockroach and a kobold come into view.
The kobold is wielding a +2 whip of freezing.
The dart slug launches a dart at you. The slug dart hits you.
* * * LOW HITPOINT WARNING * * *
You are too injured to fight recklessly!
You are too injured to fight recklessly!
You hit the dart slug but do no damage.
The dart slug is poisoned.
The dart slug is almost dead.
You kill the dart slug!
You have reached level 2!
The kobold shouts!
You miss the kobold.
The kobold hits you with a +2 whip of freezing.
* * * LOW HITPOINT WARNING * * *
You feel yourself slow down. The kobold freezes you.
* * * LOW HITPOINT WARNING * * *
You hit the kobold but do no damage.
The kobold hits you with a +2 whip of freezing.
* * * LOW HITPOINT WARNING * * *
The kobold freezes you.
* * * LOW HITPOINT WARNING * * *
The kobold closely misses you.
You miss the kobold.
You tail-slap the kobold, but do no damage.
You feel yourself speed up. The kobold barely misses you.
You closely miss the kobold. The kobold hits you but does no damage.
You closely miss the kobold.
The kobold hits you with a +2 whip of freezing.
* * * LOW HITPOINT WARNING * * *
You feel yourself slow down. The kobold freezes you.
You die...

.# #.# #[#
#.####
#....###
#.......
########....#
.....BK@.†..+
########....#
#.........#
#.#
#......####
#.#
##......#####
#.#
............##
#.#
###########..#
#.# ##.# #.#
#.## #.#


You could see a giant cockroach and a kobold.

Vanquished Creatures
  A dart slug (D:1)
  An endoplasm (D:1)
  A goblin (D:1)
  A hobgoblin (D:1)
  A ball python (D:1)
  A rat (D:1)
6 creatures vanquished.

Notes
Turn   | Place    | Note
-------+----------+-------------------------------------------
     0 | D:1      | pkoi the Draconian Air Elementalist began the quest for the
                  | Orb.
     0 | D:1      | Reached XP level 1. HP: 14/14 MP: 3/3
   284 | D:1      | Reached XP level 2. HP: 13/20 MP: 0/5
   289 | D:1      | HP: 1/20 [kobold (4)]
   289 | D:1      | Slain by a kobold

Illustrated notes

Levels and vault maps discovered:
D:1:      dpeg_arrival_boxes_within_box, layout_basic,
          dreamdust_ecumenical_altar_drowned_temple

Action                   || total
-------------------------++-------
Melee: Dagger            ||     7
       Tailslap          ||     2
       Punch             ||     1
 Cast: Shock             ||    10
Armor: Skin              ||     1
Dodge: Dodged            ||     3
